 Dungeon Crawl Stone Soup version 0.21.1-1-g345015f (webtiles) character file.

365 inc the Ducker (level 6, 25/25 HPs)
             Began as a Felid Transmuter on Feb 24, 2018.
             Quit the game on level 7 of the Dungeon.
             The game lasted 00:15:39 (4981 turns).

inc the Ducker (Felid Transmuter)                   Turns: 4981, Time: 00:15:40

Health: 25/25      AC:  2    Str: 11    XL:     6   Next: 40%
Magic:  10/10      EV: 23    Int: 16    God:
Gold:   118        SH:  0    Dex: 17    Spells: 3/9 levels left
                                        Lives:  0   Deaths: 2

rFire    . . .     SeeInvis +     - Unarmed
rCold    . . .     Gourm    .   (shield unavailable)
rNeg     . . .     Faith    .   (armour unavailable)
rPois    .         Spirit   .   (helmet unavailable)
rElec    .         Reflect  .   (cloak unavailable)
rCorr    .         Harm     .   (gloves unavailable)
MR       .....                  (boots unavailable)
Stlth    +++++.....             (no amulet)
HPRegen  0.08/turn              d - ring of stealth
MPRegen  0.12/turn              n - +5 ring of strength

@: quick
A: very small, no armour, no weapons or thrown items, stealth, claws 1, fangs 3,
see invisible, carnivore, speed 1, shaggy fur 2, slow metabolism 1, sharp paws
a: no special abilities


You were on level 7 of the Dungeon.
You were not hungry.

You visited 1 branch of the dungeon, and saw 7 of its levels.

You collected 118 gold pieces.

Inventory:

Missiles
 a - 31 arrows
Jewellery
 d - a ring of stealth (left paw)
 h - an uncursed ring of protection from fire
 n - a +5 ring of strength (right paw)
 s - an uncursed ring of protection from fire
Wands
 t - a wand of enslavement (13)
Scrolls
 e - a scroll of fear
 j - 2 scrolls of remove curse
 k - a scroll of summoning {unknown}
 q - 2 scrolls of amnesia {unknown}
 u - a scroll of fog {unknown}
 v - a scroll of teleportation {unknown}
Potions
 f - a potion of might
 g - 2 potions of curing
 i - 2 potions of berserk rage
 l - a potion of degeneration
 m - 2 potions of brilliance
 o - 2 potions of cancellation
 r - a potion of flight
 w - a potion of heal wounds {unknown}
Books
 b - a book of Changes

   Spells                             Type                      Level
   a - Beastly Appendage              Transmutation                1
   b - Sticks to Snakes               Transmutation                2
   c - Spider Form                    Transmutation/Poison         3
   d - Ice Form                       Ice/Transmutation            4
   e - Blade Hands                    Transmutation                5
 p - a book of Minor Magic

   Spells                             Type                      Level
   a - Magic Dart                     Conjuration                  1
   b - Blink                          Translocation                2
   c - Call Imp                       Summoning                    2
   d - Slow                           Hexes                        2
   e - Conjure Flame                  Conjuration/Fire             3
   f - Mephitic Cloud                 Conjuration/Poison/Air       3
Comestibles
 c - 6 rations


   Skills:
 - Level 1.0 Fighting
 + Level 7.8 Dodging
 - Level 5.5 Stealth
 - Level 4.2 Unarmed Combat
 - Level 2.0 Spellcasting
 - Level 5.5 Transmutations
 - Level 3.5 Poison Magic


You had 3 spell levels left.
You knew the following spells:

 Your Spells              Type           Power        Failure   Level  Hunger
a - Beastly Appendage     Tmut           ###...       1%          1    #......
b - Sticks to Snakes      Tmut           ###.....     3%          2    ###....
c - Spider Form           Tmut/Pois      ###.......   10%         3    ###....


Dungeon Overview and Level Annotations

Branches:
Dungeon (7/15)
 Temple: D:4-7

Altars:

Shops:
D:5 *

Annotations:
D:4 derrymb's ghost, amateur OgFi
D:5 Dowan; Duvessa
D:6 Grinder


Innate Abilities, Weirdness & Mutations

You cannot wear armour.
You are incapable of wielding weapons or throwing items.
Your paws allow you to move quietly. (Stealth)
You have sharp claws.
You have razor-sharp teeth.
You have supernaturally acute eyesight. (SInv)
You are carnivorous and can eat meat at any time.
You cover ground quickly.
You are covered in thick fur. (AC +2)
You have a slow metabolism.
Your sharp claws are effective at attacking unaware monsters.


Message History

You see here an iguana corpse.
The orc warrior closely misses you.
Your transformation is almost over.
The orc warrior looks more healthy.
Found 19 gold pieces.
You hit the orc warrior but do no damage.
The orc warrior is poisoned.
The orc warrior is moderately wounded.
The orc warrior completely misses you.
You hit the orc warrior but do no damage.
The orc warrior looks as sick as possible!
The orc warrior is moderately wounded.
The orc warrior hits you with a scimitar of protection!!
Ouch! That really hurt!
You die...
Your shape twists and changes as you die.
You are now level 6!
Your transformation has ended.
You rejoin the land of the living...
Are you sure you want to abandon this character and quit the game? (Confirm with "yes".)

#......../
#.###†8... #.#
#..... #.###.....
#.##..$...
#.#####.##...... #
#......o##......
#.###.####.†....8...
#..@........###.....
##..###.##..#####.##
#..# # #$.........
#..# ##.#####.##
.... #.# # ....# #.#
#...# #.# #####


There were no monsters in sight!

Vanquished Creatures
  A hungry ghost (D:5)
  An orc warrior (D:6)
  2 ice beasts
  2 howler monkeys
  A crimson imp (D:5)
  A quasit (D:6)
  An orc priest (D:7)
  5 hounds
  3 orc wizards
  A bullfrog skeleton (D:7)
  2 iguanas
  2 worker ants
  A hound zombie (D:6)
  4 gnolls
  4 adders
  A dart slug (D:1)
  3 leopard geckos
  9 orcs
  6 bats
  2 goblins
  2 hobgoblins
  7 jackals
  3 quokkas
  A frilled lizard (D:4)
  4 kobolds
  A leopard gecko zombie (D:7)
  A rat (D:1)
71 creatures vanquished.

Vanquished Creatures (collateral kills)
  An ice beast (D:6)
  A howler monkey (D:4)
  A hound (D:4)
  A worker ant (D:5)
  4 gnolls
  A worm (D:5)
  A jackal (D:7)
10 creatures vanquished.

Grand Total: 81 creatures vanquished

Notes
Turn   | Place    | Note
-------+----------+-------------------------------------------
     0 | D:1      | inc the Felid Transmuter began the quest for the Orb.
     0 | D:1      | Reached XP level 1. HP: 9/9 MP: 4/4
   178 | D:1      | Reached XP level 2. HP: 11/12 MP: 3/6
   884 | D:3      | Reached XP level 3. HP: 6/15 MP: 5/7
   889 | D:3      | Learned a level 2 spell: Sticks to Snakes
   893 | D:3      | Learned a level 3 spell: Spider Form
  1146 | D:4      | Reached XP level 4. HP: 10/19 MP: 3/8
  1159 | D:4      | Noticed derrymb's ghost (amateur OgFi)
  1326 | D:4      | Found the +4 Vampire's Tooth {vamp}
  1630 | D:4      | Reached skill level 1 in Poison Magic
  1724 | D:5      | Entered Level 5 of the Dungeon
  1780 | D:5      | Reached XP level 5. HP: 22/22 MP: 5/9
  1814 | D:5      | Noticed an ice beast
  2165 | D:5      | Noticed an ice beast
  2429 | D:5      | Noticed a hungry ghost
  2440 | D:5      | Killed a hungry ghost
  2440 | D:5      | Reached skill level 5 in Transmutations
  2440 | D:5      | Gained mutation: You are covered in thick fur. (AC +2) [Felid growth]
  2440 | D:5      | Reached XP level 6. HP: 25/25 MP: 5/10
  2511 | D:5      | Found Not Vynosi's General Store.
  2592 | D:5      | Reached skill level 1 in Stealth
  2735 | D:5      | Killed an ice beast
  2735 | D:5      | Reached XP level 7. HP: 8/28 MP: 3/11
  2972 | D:5      | Noticed Duvessa
  2972 | D:5      | Noticed Dowan
  3375 | D:6      | Reached skill level 5 in Stealth
  3748 | D:6      | Reached skill level 3 in Dodging
  3943 | D:6      | Noticed Grinder
  4060 | D:6      | Reached skill level 4 in Dodging
  4082 | D:6      | Reached skill level 5 in Dodging
  4525 | D:7      | Reached skill level 6 in Dodging
  4779 | D:7      | Reached XP level 8. HP: 32/32 MP: 7/12
  4797 | D:7      | Killed from afar by an orc priest
  4798 | D:7      | Reached XP level 7. HP: -9/28 MP: 9/11
  4893 | D:7      | Reached skill level 7 in Dodging
  4980 | D:7      | Slain by an orc warrior
  4981 | D:7      | Reached XP level 6. HP: -2/25 MP: 10/10
  4981 | D:7      | Quit the game

Skill      XL: |  1  2  3  4  5  6  7 |
---------------+----------------------+-----
Unarmed Combat | 4 |  4.2
Transmutations | 3 4 5 |  5.5
Poison Magic   | 1 3 |  3.5
Stealth        | 3 5 |  5.5
Dodging        | 7 |  7.8
Fighting       | |  1.0
Spellcasting   | |  2.0

Action                   |  1- 3 |  4- 6 |  7- 9 || total
-------------------------+-------+-------+-------++-------
Melee: Unarmed           |    60 |    93 |    92 ||   245
       Headbutt          |    11 |     8 |     8 ||    27
       Bite              |     6 |     8 |     2 ||    16
       Punch             |       |       |     1 ||     1
 Cast: Beastly Appendage |     8 |     9 |     7 ||    24
       Sticks to Snakes  |     3 |    21 |    12 ||    36
       Spider Form       |       |     5 |    10 ||    15
  Use: Scroll            |       |     3 |     6 ||     9
       Potion            |       |     1 |       ||     1
 Stab: Sleeping          |     3 |     2 |     5 ||    10
  Eat: Chunk             |       |     9 |     4 ||    13
       Ration            |       |       |     1 ||     1
Armor: Skin              |     2 |     9 |     6 ||    17
Dodge: Dodged            |    35 |    90 |    94 ||   219
